 Dungeon Crawl Stone Soup version 0.29.0-4-gdea44cf6ec (webtiles) character file.

Game seed: 7527995765593171902

599 qw the Chopper (level 7, 0/41 HPs)
             Began as a Tengu Warper on Aug 28, 2022.
             Succumbed to a kobold brigand's curare-tipped dart
             ... on level 4 of the Dungeon.
             The game lasted 00:00:21 (4060 turns).

qw the Chopper (Tengu Warper)                       Turns: 4060, Time: 00:00:21

Health: 0/41       AC: 15    Str: 13    XL:     7   Next: 41%
Magic:  11/11      EV:  7    Int: 13    God:
Gold:   185        SH:  0    Dex: 14    Spells: 10/10 levels left

rFire   . . .      SeeInvis .   Y - +2 hand axe (freeze)
rCold   . . .      Faith    .   (no shield)
rNeg    . . .      Spirit   .   h - +0 chain mail
rPois   .          Reflect  .   (helmet restricted)
rElec   .          Harm     .   (no cloak)
rCorr   .          Rampage  +   b - +1 pair of gloves "Xuil" {Rampage}
Will    .....                   (boots unavailable)
Stlth   ..........              (no amulet)
HPRegen 0.13/turn               p - +4 ring of protection
MPRegen 0.12/turn               (no ring)

@: lethally poisoned (0 -> -1), flying quickly and evasively, slowed, very slow
A: beak, talons 3, nimble flight
a: no special abilities


You were on level 4 of the Dungeon.
You visited 1 branch of the dungeon, and saw 4 of its levels.

You collected 185 gold pieces.


Innate Abilities, Weirdness & Mutations

You have a beak for a mouth.
You have claws for feet.
Your magical nature lets you fly swiftly and evasively.


   Skills:
 - Level 3.0 Fighting
 + Level 7.7 Axes
 - Level 1.0 Throwing
 - Level 3.3 Armour
 - Level 2.1 Dodging
 - Level 2.0 Spellcasting
 - Level 2.4 Translocations


You had 10 spell levels left.
You didn't know any spells.
Your spell library contained the following spells:

 Spells                   Type           Power      Damage    Failure   Level
 Blink                    Tloc           14%        N/A       99%         2
 Gell's Gravitas          Tloc           7%         N/A       100%        3
 Lesser Beckoning         Tloc           7%         N/A       100%        3
 Teleport Other           Tloc           7%         N/A       100%        3
 Manifold Assault         Tloc           7%         N/A       100%        5

Inventory:

Hand Weapons
 g - a +0 flail
 Y - a +2 hand axe of freezing (weapon)
Armour
 b - the +1 pair of gloves "Xuil" (worn) {Rampage}
   (You acquired it on level 2 of the Dungeon)

   Rampage:   It bestows one free step when moving towards enemies.
 h - a +0 chain mail (worn)
Jewellery
 p - a +4 ring of protection (left hand)
Scrolls
 e - 3 scrolls of magic mapping {unknown}
 i - 3 scrolls of identify
 j - a scroll of vulnerability {unknown}
Potions
 a - 2 potions of mutation
 c - a potion of might
 d - a potion of berserk rage {unknown}
 f - a potion of haste

Dungeon Overview and Level Annotations

Branches:
Dungeon (4/15)
 Temple: D:4-7

Altars:
Zin

Annotations:
D:4 3 runed translucent doors, qw's ghost, novice TeWr


Message History

Your Fighting skill increases to level 3!
A kobold brigand comes into view.
It is wielding a +1 short sword of holy wrath and quivering curare-tipped darts.
The kobold brigand throws a curare-tipped dart.
The curare-tipped dart hits you.
You are poisoned.
You have difficulty breathing.
You feel yourself slow down.
You feel very sick.
You feel sick.
The kobold brigand throws a curare-tipped dart.
The curare-tipped dart hits you.
You are more poisoned.
You have difficulty breathing.
You feel as though you will be slow longer.
The kobold brigand throws a curare-tipped dart.
The curare-tipped dart barely misses you.
You feel very sick.
You hit the kobold brigand. You freeze the kobold brigand.
The kobold brigand is moderately wounded.
You feel very sick.
The kobold brigand hits you with a +1 short sword of holy wrath.
The kobold brigand barely misses you.
You completely miss the kobold brigand. You claw the kobold brigand.
The kobold brigand is heavily wounded.
You feel sick.
The kobold brigand hits you but does no damage.
You hit the kobold brigand. You freeze the kobold brigand.
Your kick misses the kobold brigand. You peck the kobold brigand.
The kobold brigand is severely wounded.
You feel very sick.
The kobold brigand hits you but does no damage.
The kobold brigand barely misses you.
You hit the kobold brigand. You freeze the kobold brigand.
You kill the kobold brigand!
You feel sick.
There is a lethal amount of poison in your body!
You feel sick.
There is a lethal amount of poison in your body!
You feel sick.
There is a lethal amount of poison in your body!
You die...

#..#..####.............#
#..#..............<...##
####.#####...........##
###.## #.........##
#..## #........# (.##
##......## .## #..#####
## ##..## # ##.@# ##).#
....# ....... #........#
........... ............
.............


There were no monsters in sight!

Vanquished Creatures
  An ice beast (D:4)
  An ogre (D:4)
  A kobold brigand (D:4)
  Blork the orc (D:4)
  2 scorpions (D:4)
  Terence (D:3)
  Jessica (D:3)
  5 adders
  2 worms (D:2)
  2 dart slugs
  2 orcs (D:3)
  4 bats
  5 endoplasms
  2 giant cockroaches
  4 goblins
  5 hobgoblins
  3 quokkas
  5 ball pythons
  7 kobolds
  2 rats
56 creatures vanquished.

Notes
Turn   | Place    | Note
-------+----------+-------------------------------------------
     0 | D:1      | qw the Tengu Warper began the quest for the Orb.
     0 | D:1      | Reached XP level 1. HP: 12/12 MP: 4/4
     0 | D:1      | 0 ||| qw: Version: 0.1-a-89-g26bdef1
     0 | D:1      | 0 ||| qw: Game counter: 1084
     0 | D:1      | 0 ||| qw: Always use a shield: true
     0 | D:1      | 0 ||| qw: God list: Okawaru
     0 | D:1      | 0 ||| qw: Allow faded altars: false
     0 | D:1      | 0 ||| qw: Do Orc after D:15 true
     0 | D:1      | 0 ||| qw: Do second Lair branch before Depths: true
     0 | D:1      | 0 ||| qw: Lair rune preference: random
     0 | D:1      | 0 ||| qw: Plans: Normal
     0 | D:1      | 0 ||| PLANNING D:1-11
   129 | D:1      | 129 ||| Stepping ~*~*~tactically~*~*~ (stealth).
   297 | D:1      | Reached skill level 3 in Axes
   297 | D:1      | Reached XP level 2. HP: 17/17 MP: 6/6
   331 | D:1      | Found a faded altar of an unknown god.
   751 | D:1      | 751 ||| UPGRADING to +0 scale mail.
   761 | D:1      | 761 ||| DROPPING +0 leather armour.
   762 | D:1      | 762 ||| UPGRADING to +0 pair of gloves.
   767 | D:1      | 767 ||| UPGRADING to +4 ring of protection.
   768 | D:1      | 768 ||| READING scroll labelled DIUBESHAISS.
   769 | D:1      | 769 ||| READING scroll labelled FEOSMYPSUC.
   770 | D:1      | 770 ||| READING scroll labelled CIPRUC ONUITAD.
   771 | D:1      | 771 ||| READING 2 scrolls labelled YWAM REJILOPASTOC.
   772 | D:1      | 772 ||| READING scroll labelled DEOLYS EJISOM.
   773 | D:1      | 773 ||| READING scroll labelled SOEVAC VOBYLL.
   774 | D:1      | 774 ||| READING scroll labelled WUORHA WOAWK.
   775 | D:1      | 775 ||| DROPPING scroll of blinking.
   889 | D:2      | 889 ||| Stepping ~*~*~tactically~*~*~ (stealth).
   897 | D:2      | 897 ||| Stepping ~*~*~tactically~*~*~ (stealth).
   898 | D:2      | 898 ||| Stepping ~*~*~tactically~*~*~ (stealth).
  1009 | D:2      | Reached skill level 4 in Axes
  1009 | D:2      | Reached XP level 3. HP: 16/21 MP: 7/7
  1197 | D:2      | 1197 ||| Stepping ~*~*~tactically~*~*~ (stealth).
  1214 | D:2      | Found a glowing silver altar of Zin.
  1456 | D:2      | Reached XP level 4. HP: 26/26 MP: 8/8
  1538 | D:2      | 1538 ||| READING scroll of enchant weapon.
  1538 | D:2      | 1538 ||| ENCHANTING +1 hand axe of freezing.
  1786 | D:2      | 1786 ||| READING scroll labelled SAEQEXASURO.
  1786 | D:2      | Identified a scroll of acquirement
  1786 | D:2      | 1786 ||| ACQUIRING +1 pair of gloves "Xuil" {Rampage}
  1786 | D:2      | Acquired the +1 pair of gloves "Xuil" {Rampage}
  1788 | D:2      | 1788 ||| UPGRADING to +1 pair of gloves "Xuil" {Rampage}.
  1798 | D:2      | 1798 ||| DROPPING +0 pair of gloves.
  1799 | D:2      | 1799 ||| READING scroll labelled TAJATI ECHY.
  1800 | D:2      | 1800 ||| DRINKING 2 bubbling red potions.
  1801 | D:2      | 1801 ||| DRINKING 2 pink potions.
  1802 | D:2      | 1802 ||| DRINKING 3 sapphire potions.
  1803 | D:2      | 1803 ||| READING 4 scrolls of identify.
  1803 | D:2      | 1803 ||| IDENTIFYING murky cyan potion
  1804 | D:2      | 1804 ||| DROPPING 2 potions of degeneration.
  1805 | D:2      | 1805 ||| Stepping randomly (stuck).
  1806 | D:2      | 1806 ||| Stepping ~*~*~tactically~*~*~ (cloud).
  2030 | D:3      | 2030 ||| DROPPING +0 whip.
  2073 | D:3      | 2073 ||| Stepping ~*~*~tactically~*~*~ (hiding).
  2078 | D:3      | Noticed Jessica
  2079 | D:3      | 2079 ||| STAIRDANCE
  2182 | D:2      | 2182 ||| DROPPING orb of light.
  2186 | D:3      | Killed Jessica
  2187 | D:3      | Reached skill level 5 in Axes
  2212 | D:3      | 2212 ||| DROPPING +2 whip of venom.
  2358 | D:3      | Noticed Terence
  2359 | D:3      | 2359 ||| Stepping ~*~*~tactically~*~*~ (hiding).
  2367 | D:3      | HP: 5/26 [Terence/+0 short sword (3)]
  2369 | D:3      | HP: 2/26 [Terence/+0 short sword (1)]
  2370 | D:3      | Killed Terence
  2371 | D:3      | Gained mutation: Your magical nature lets you fly swiftly
                  | and evasively. [Tengu growth]
  2371 | D:3      | Reached XP level 5. HP: 2/30 MP: 9/9
  3030 | D:3      | 3030 ||| UPGRADING to +0 chain mail.
  3040 | D:3      | 3040 ||| DROPPING +0 scale mail.
  3041 | D:3      | 3041 ||| READING scroll labelled MEAJEKOAPE.
  3042 | D:3      | 3042 ||| READING 4 scrolls of identify.
  3042 | D:3      | 3042 ||| IDENTIFYING black potion
  3043 | D:3      | 3043 ||| DROPPING potion of invisibility.
  3207 | D:4      | Found a runed translucent gate.
  3207 | D:4      | Found a runed translucent gate.
  3218 | D:4      | Found a runed translucent gate.
  3220 | D:4      | Noticed qw's ghost (novice TeWr)
  3268 | D:4      | Noticed an ice beast
  3286 | D:4      | Killed an ice beast
  3287 | D:4      | Reached skill level 3 in Armour
  3323 | D:4      | Reached skill level 6 in Axes
  3323 | D:4      | Reached XP level 6. HP: 24/35 MP: 10/10
  3886 | D:4      | Reached skill level 7 in Axes
  3886 | D:4      | Reached XP level 7. HP: 35/40 MP: 11/11
  3926 | D:4      | Noticed Blork the orc
  3936 | D:4      | Killed Blork the orc
  4045 | D:4      | Reached skill level 3 in Fighting
  4054 | D:4      | HP: 9/41 [kobold brigand/+1 short sword of holy wrath (2)]
  4056 | D:4      | HP: 4/41 [poisoned by a kobold brigand (curare-tipped
                  | dart)]
  4059 | D:4      | HP: 1/41 [poisoned by a kobold brigand (curare-tipped
                  | dart)]
  4060 | D:4      | Succumbed to a kobold brigand's curare-tipped dart

Levels and vault maps discovered:
D:1:      matt_arrival_refuge, layout_rooms,
          hellmonk_ecumenical_altar_pennies_from_heaven, corner_web_ring
D:2:      layout_basic, basic_altar
D:3:      layout_loops_ring, uniq_terence, uniq_jessica
D:4:      layout_cave_pods, ebering_ghost_rock_garden, uniq_blork_the_orc

Skill      XL: |  1  2  3  4  5  6  7 |
---------------+----------------------+-----
Axes           | 3 4 5 6 7 |  7.7
Armour         | 3 |  3.3
Fighting       | 3 |  3.0
Throwing       | |  1.0
Dodging        | |  2.1
Spellcasting   | |  2.0
Translocations | |  2.4

Action                   |  1- 3 |  4- 6 |  7- 9 || total
-------------------------+-------+-------+-------++-------
Melee: Hand axe          |    62 |    70 |    14 ||   146
       Peck              |     4 |    10 |     3 ||    17
       Kick              |    14 |    18 |     4 ||    36
       Punch             |     1 |     1 |     1 ||     3
Throw: Boomerang         |     7 |       |       ||     7
  Use: Scroll            |     7 |     6 |       ||    13
       Potion            |       |     3 |       ||     3
Armor: Leather armour    |     9 |       |       ||     9
       Scale mail        |    14 |     8 |       ||    22
       Chain mail        |       |    16 |     8 ||    24
Dodge: Dodged            |    12 |    24 |     7 ||    43

Table legend:
 A = Non-vault XP
 B = Vault XP
 C = Vault XP percentage of total XP
 D = Non-vault monster count
 E = Vault monster count
 F = Vault count percentage of total count
                 A         B        C        D         E       F
            +---------+---------+-------+---------+---------+-------
      Total |     682 |     175 |  20.4 |      53 |       3 |   5.4
            +---------+---------+-------+---------+---------+-------
        D:1 |      22 |       0 |   0.0 |      13 |       0 |   0.0
        D:2 |      65 |       0 |   0.0 |      18 |       0 |   0.0
        D:3 |      18 |      75 |  80.6 |      10 |       2 |  16.7
        D:4 |     577 |     100 |  14.8 |      12 |       1 |   7.7
            +---------+---------+-------+---------+---------+-------
